[Event "*** Titled Tuesday Blitz"]
[Site "Chess.com"]
[Date "2019.07.02"]
[Round "1"]
[White "aa175"]
[Black "mbojan"]
[Result "1/2-1/2"]
[WhiteElo "2246"]
[BlackElo "2592"]
[TimeControl "180+2"]
[EndTime "13:09:33 PDT"]
[Termination "Game drawn by repetition"]

1. d4 g6 2. Bf4 Bg7 3. e3 d6 4.
Nd2 Nf6 5. Bd3 O-O 6. h4 Nh5 7.
Bh2 e5 8. Ngf3 Nc6 9. c3 Bg4 10. Qb3 Rb8 11. Ng5 d5 12. f3 Bc8 13. g4 Nf6 14. dxe5 Nd7 15. e6 Nc5 16. exf7+ Kh8 17.
Qc2 Qe7 18. O-O-O Nxd3+ 19. Qxd3 Be6 20. Nxh7 Kxh7 21. h5 Bxf7 22. hxg6+ Bxg6 23. Bf4+ Kg8 24. Qxg6 Qf6 25. Qh7+ Kf7 26. g5 Qg6 27. Bxc7 Qxh7 28. Rxh7 Rbc8 29. Bf4 Kg6 30. Rdh1 d4 31. Ne4 dxe3 32.
Bxe3 Rxf3 33. Bd2 Rcf8 34. Nf6 Bxf6 35. gxf6 R8xf6 36. R1h6+ Kf5 37. Rxf6+ Kxf6 38. Rxb7 Ke6 39. Rc7 Kd6 40. Rh7 Rf1+ 41. Kc2 Rf2 42. Rh6+ Kd7 43.
Rh7+ Kd6 44. Rh6+ Kd7 45. Rh3 Rg2 46. Rd3+ Kc7 47. Kc1 Rg1+ 48. Kc2 Rg2 49. Rh3 Ne5 50. Rh7+ Kc6 51. Rh6+ Kc7 52. Rh7+ Kc6 53. Kd1 Rg1+ 54. Ke2 Rg2+ 55. Kd1 Rg1+ 56. Kc2 Rg2 1/2-1/2

[Event "*** Titled Tuesday Blitz"]
[Site "Chess.com"]
[Date "2019.07.02"]
[Round "1"]
[White "WildTricks"]
[Black "SmoothAsAHedgehog"]
[Result "1-0"]
[WhiteElo "2314"]
[BlackElo "2618"]
[TimeControl "180+2"]
[EndTime "13:09:34 PDT"]
[Termination "WildTricks won by resignation"]

1. e4 c6 2. d4 d5 3. Nc3 dxe4 4.
Nxe4 Nd7 5. Nf3 Ngf6 6. Ng3 Nb6 7. Bd3 Bg4 8. c3 e6 9. h3 Bxf3 10. Qxf3 Be7 11. Qe2 O-O 12. O-O Rc8 13. Ne4 Nbd5 14. c4 Nb4 15. Be3 Nxd3 16. Qxd3 Qa5 17. Rfd1 Rfd8 18. Nc3 Rd7 19. a3 Rcd8 20. b4 Qh5 21.
Qc2 Qg6 22. Qxg6 hxg6 23. Kf1 Ne8 24. Ke2 Nd6 25. c5 Nf5 26. g4 Nxd4+ 27. Bxd4 Rxd4 28. Rxd4 Rxd4 29. Rd1 Rxd1 30. Nxd1 f5 31. Kd3 Bh4 32. f3 Kf7 33. Ne3 Bg3 34. Nc4 Kf6 35. Na5 Bc7 36.
Nxb7 Ke7 37. a4 a6 38. Kc4 e5 39. b5 axb5+ 40. axb5 cxb5+ 41. Kxb5 Kd7 42. c6+ Ke6 43. Nc5+ Kd5 44. Na6 Kd6 45. Nxc7 Kxc7 46. Kc5 e4 47. fxe4 fxe4 48. Kd4 Kxc6 49. Kxe4 Kd6 50. Kf4 Ke6 51. Kg5 Kf7 52. h4 Kf8 53. Kxg6 Kg8 54. h5 Kh8 55. g5 Kg8 56. h6 gxh6 57. Kxh6 Kh8 58. g6 Kg8 59. g7 Kf7 60. Kh7 1-0

[Event "*** Titled Tuesday Blitz"]
[Site "Chess.com"]
[Date "2019.07.02"]
[Round "1"]
[White "vlad_Sid"]
[Black "AndrewMcStone"]
[Result "1-0"]
[WhiteElo "2536"]
[BlackElo "2129"]
[TimeControl "180+2"]
[EndTime "13:09:38 PDT"]
[Termination "vlad_Sid won on time"]

1. c4 Nf6 2. g3 g6 3. Bg2 Bg7 4. Nc3 O-O 5. d3 d6 6. Nf3 e5 7. O-O h6 8. c5 Nc6 9. cxd6 cxd6 10. a3 Be6 11. Rb1 d5 12. d4 e4 13. Ne5 Nxe5 14. dxe5 Ng4 15. Nb5 Nxe5 16. Nd4 Bd7 17. Bf4 Rc8 18. b3 Qb6 19. Nc2 Be6 20. Be3 Qc7 21.
Rc1 Nc6 22. Qd2 Kh7 23. Nd4 Qd7 24. Nxc6 Rxc6 25. Bxa7 Ra8 26. Bc5 Rac8 27. Bb4 Qc7 28. Rxc6 Qxc6 29. a4 Bc3 30. Bxc3 Qxc3 31. Qd1 Qc2 32.
Qd4 Qxb3 33. Qf6 Qc3 34. Qe7 Qc5 35. Qf6 Qc3 36. Qe7 Qc5 37. Qxb7 e3 38. f4 Rc7 39.
Qb8 Rc8 40. Qe5 d4 41. Be4 Qxe5 42. fxe5 Rc5 43. Rd1 Rxe5 44. Rxd4 Ra5 45. Bc6 Bf5 46. Bb5 Kg7 47. Kg2 Kf6 48. Kf3 Ke6 49. Kxe3 Bc2 50.
Kd2 Bb3 51. e4 Ke5 52. Kc3 Be6 53. Rd1 Ra8 54. Kb4 Rb8 55. a5 Kxe4 56. a6 Kf3 57.
a7 Ra8 58. Bc6+ 1-0

[Event "*** Titled Tuesday Blitz"]
[Site "Chess.com"]
[Date "2019.07.02"]
[Round "1"]
[White "Maili15"]
[Black "PabloZarnicki"]
[Result "0-1"]
[WhiteElo "2261"]
[BlackElo "2612"]
[TimeControl "180+2"]
[EndTime "13:09:42 PDT"]
[Termination "PabloZarnicki won by resignation"]

1. d4 Nf6 2. c4 e6 3. Nc3 Bb4 4.
Qc2 O-O 5. a3 Bxc3+ 6. Qxc3 b6 7.
Bg5 Ba6 8. Nf3 d6 9. g3 Nbd7 10.
Bg2 h6 11. Bf4 c5 12. O-O Rc8 13. dxc5 Nxc5 14. b3 d5 15. Rfd1 Qe7 16. Qb2 Rfd8 17. cxd5 Nxd5 18. Be5 f6 19. Bd4 Ne4 20. Rac1 e5 21. Rxc8 Bxc8 22. Nxe5 fxe5 23. Bxe5 Ndc3 24. Rxd8+ Qxd8 25. Bxc3 Qd1+ 26. Bf1 Bh3 27. Qa1 Qxf1+ 28.
Qxf1 Bxf1 29. Bxg7 Bxe2 30. Bxh6 Bf3 31. h3 a5 32. Be3 b5 33. Bb6 a4 34. bxa4 bxa4 35. g4 Kf7 36. Ba5 Ke6 37. Bb4 Kd5 38.
Be7 Kc4 39. g5 Kd5 40. h4 Ke6 41. Bb4 Kf5 42. Be7 Kg6 43. Kh2 Kh5 44. Kh3 Bg4+ 45. Kg2 Nd2 46. Kg3 Ne4+ 47. Kg2 Nc3 48. f3 Bf5 49. Kg3 Nd5 50. Bc5 Be6 51. f4 Bf5 52. Bd6 Nc3 53. Be7 Bg4 54. g6 Ne2+ 55. Kf2 Nxf4 56.
Ke3 Nxg6 57. Kd4 Nxe7 0-1

[Event "*** Titled Tuesday Blitz"]
[Site "Chess.com"]
[Date "2019.07.02"]
[Round "1"]
[White "valeriocarnicelli"]
[Black "chesstatour"]
[Result "1-0"]
[WhiteElo "2506"]
[BlackElo "2007"]
[TimeControl "180+2"]
[EndTime "13:09:52 PDT"]
[Termination "valeriocarnicelli won by resignation"]

1. e4 c6 2. d4 d5 3. e5 c5 4. dxc5 Nc6 5. Nf3 Bg4 6. Bb5 e6 7. b4 Ne7 8. O-O Ng6 9. Bb2 a5 10. a3 Be7 11. h3 Bxf3 12. Qxf3 O-O 13. Bxc6 bxc6 14. Nd2 Qc7 15. Rfe1 Rfb8 16. Qg4 Bxc5 17. Nb3 Bf8 18. Bc3 axb4 19. axb4 Rxa1 20. Nxa1 Qb6 21.
Rb1 c5 22. h4 d4 23. Bd2 Nxe5 24. Qg3 Nc4 25. Bf4 Re8 26. Qd3 Nd6 27. Bxd6 Bxd6 28. b5 e5 29. Qe4 Rd8 30. c4 f6 31. Nc2 Kh8 32. Ne1 Rb8 33. Nd3 Qb7 34. Qxb7 Rxb7 35.
f3 Kg8 36. Ra1 Kf7 37. Ra6 Ke7 38. Rc6 f5 39. Nxc5 Bxc5 40. Rxc5 Kf6 41. Rc6+ Ke7 42.
Kf2 g6 43. h5 gxh5 44. Rh6 Kf8 45. Rxh5 Rf7 46. Rh6 Ke8 47. Re6+ Kd7 48. Rxe5 Kc7 49.
Rd5 Kb6 50. Rxd4 Kc5 51. Rh4 Ra7 52. Kg3 Rg7+ 53. Kh3 Rf7 54. Rf4 Rf6 55. Kh4 Rh6+ 56. Kg5 Rh2 57. g3 Rg2 58. Rxf5+ Kxc4 59. Kf4 Rxg3 60.
Kxg3 1-0

[Event "*** Titled Tuesday Blitz"]
[Site "Chess.com"]
[Date "2019.07.02"]
[Round "1"]
[White "pheonixking2000"]
[Black "Eliwood44"]
[Result "1/2-1/2"]
[WhiteElo "2680"]
[BlackElo "2345"]
[TimeControl "180+2"]
[EndTime "13:09:54 PDT"]
[Termination "Game drawn by agreement"]

1. e4 e5 2. Nf3 Nc6 3. Bb5 a6 4. Ba4 d6 5. O-O Bd7 6. c3 Nf6 7. Re1 g6 8. d4 Bg7 9. Bxc6 Bxc6 10.
dxe5 Nxe4 11. exd6 O-O 12. dxc7 Qxc7 13. Be3 Rad8 14.
Qc2 Rfe8 15. Nbd2 Nxd2 16. Nxd2 Qd7 17. Nf1 Qd5 18. f3 h5 19. Bb6 Rc8 20. Rxe8+ Rxe8 21. Qf2 Bb5 22. Ne3 Qe6 23. Nc2 Qd5 24. Nd4 Bd7 25.
a3 h4 26. h3 Be5 27. Qxh4 Qd6 28. Ba7 Bg3 29. Qg5 Bf4 30. Qa5 Be3+ 31. Kh1 Bxh3 32.
Qa4 Ra8 33. gxh3 Qg3 34. Qc2 Qxh3+ 35. Qh2 Qxh2+ 36. Kxh2 Rxa7 37. Re1 Bxd4 38. Re8+ Kg7 39. cxd4 b5 40. Re4 Rc7 41. Re2 Rd7 42. Rd2 Kf6 43. Kg3 Kf5 44. Rd1 f6 45. Kf2 Ke6 46. Ke3 Kd5 47. Rc1 Re7+ 48. Kd3 Kd6 49. Rc8 g5 50. Ra8 f5 51. Rxa6+ Kd7 52. Ra7+ Kd6 53. Rxe7 Kxe7 54. b3 Kd6 55. Kc3 Kd5 56. a4 bxa4 57. bxa4 g4 58. fxg4 fxg4 59. Kd3 g3 60. Ke3 g2 61.
Kf2 Kxd4 1/2-1/2

[Event "*** Titled Tuesday Blitz"]
[Site "Chess.com"]
[Date "2019.07.02"]
[Round "1"]
[White "Mykola-Bortnyk"]
[Black "Mr_Penings"]
[Result "0-1"]
[WhiteElo "2915"]
[BlackElo "2472"]
[TimeControl "180+2"]
[EndTime "13:09:56 PDT"]
[Termination "Mr_Penings won by checkmate"]

1. e4 c5 2. c3 e6 3. d4 d5 4. exd5 exd5 5. Be3 c4 6. b3 cxb3 7. axb3 Nc6 8. Bd3 Bd6 9. Qf3 Nge7 10. Ne2 O-O 11. Nd2 Re8 12. O-O Ng6 13. Ng3 Bc7 14. Rae1 Be6 15. Nf5 Qd7 16. h4 Bxf5 17. Bxf5 Qd6 18.
Qh3 Nf4 19. Qh1 g6 20. Bb1 Re7 21. g3 Nh5 22. Bg5 f6 23. Rxe7 Nxe7 24. Be3 Nxg3 25. Qg2 Ne2+ 26. Kh1 Nxc3 27. Bd3 f5 28. Nf3 Ne4 29. Ne5 Nc6 30. f3 Nf6 31. Bf4 Nh5 32.
Nxg6 Qxg6 33. Bxc7 Qxg2+ 34. Kxg2 Nxd4 35. Kf2 Kf7 36. Be5 Nxb3 37. Bxf5 Re8 38. f4 Nc5 39. Rd1 Nf6 40. Kf3 Nce4 41. Rc1 Re7 42. Rc8 b5 43. Rb8 a6 44. h5 Nxh5 45. Bxh7 Nhf6 46. Bf5 Ra7 47.
Bd4 Rc7 48. Rb6 Rc4 49. Rb7+ Ke8 50. Be5 b4 51. Be6 a5 52. Ke3 a4 53. Kd3 a3 54. Ra7 Nc5+ 55. Kd2 Nfe4+ 56. Ke3 Nxe6 57. f5 N6c5 58. f6 b3 59. f7+ Kf8 60. Bf4 Rc3+ 61. Kd4 Ne6+ 62. Kxd5 Nxf4+ 63. Kxe4 Ne6 64. Ke5 Nc5 65.
Kf6 Rf3+ 66. Kg6 b2 67. Ra8+ Ke7 68. Ra7+ Kd6 69. Rxa3 b1=Q+ 70. Kg7 Rxf7+ 71. Kxf7 Qf5+ 72. Kg8 Qg6+ 73. Kh8 Qh6+ 74. Kg8 Qg5+ 75. Kh8 Qh4+ 76. Kg8 Ne6 77. Ra6+ Ke5 78. Ra5+ Kf6 79. Rh5 Qg4+ 80.
Rg5 Qxg5+ 81. Kh7 Qg7# 0-1

[Event "*** Titled Tuesday Blitz"]
[Site "Chess.com"]
[Date "2019.07.02"]
[Round "1"]
[White "VFernandezB"]
[Black "VovenRogel"]
[Result "0-1"]
[WhiteElo "2327"]
[BlackElo "2681"]
[TimeControl "180+2"]
[EndTime "13:09:57 PDT"]
[Termination "VovenRogel won by resignation"]

1. e4 c6 2. d4 d5 3. Nd2 dxe4 4. Nxe4 Bf5 5. Ng3 Bg6 6. Nf3 e6 7. h4 h6 8. Ne5 Bh7 9. Bd3 Bxd3 10. Qxd3 Nd7 11.
Qe2 Ngf6 12. Bf4 Qa5+ 13. c3 Be7 14. O-O Nd5 15. Bd2 Nxe5 16. dxe5 Bxh4 17. c4 Qa6 18. Ne4 Be7 19. Rfe1 Nb6 20. b3 O-O-O 21. Be3 Qa3 22. Qf3 Rhf8 23. Nd6+ Bxd6 24. exd6 Nd7 25. Qg3 g5 26.
Red1 c5 27. Qf3 f5 28. b4 cxb4 29. c5 Ne5 30. Qe2 Qa6 31. Qb2 Nc6 32. a3 b3 33.
Qxb3 f4 34. Qxe6+ Kb8 35. Bd4 f3 36. Bf6 Rde8 37. Be7 Nxe7 38. Qxe7 Rxe7 39. dxe7 Rc8 40. Rd8 Qe6 41. e8=Q Qxe8 42. Rxe8 Rxe8 43. gxf3 Re5 44.
Rc1 Kc7 45. Kg2 Kc6 46. Rh1 Re6 47. Rc1 Rf6 48. Kg3 Rf4 49. Rh1 Rf6 50. Rc1 a5 51.
Rb1 Rf7 52. Rc1 h5 53. Rc4 h4+ 54. Kg2 Rf5 55. Re4 Kxc5 56. a4 b6 57. Re6 Rf4 58. Re5+ Kc6 59. Rxg5 Rxa4 60. Rg4 Rxg4+ 61. fxg4 a4 62.
g5 Kd6 63. Kf3 a3 64. Kg4 a2 65. Kh5 a1=Q 0-1

[Event "*** Titled Tuesday Blitz"]
[Site "Chess.com"]
[Date "2019.07.02"]
[Round "1"]
[White "Micki-taryan"]
[Black "2nd_life"]
[Result "1/2-1/2"]
[WhiteElo "2953"]
[BlackElo "2471"]
[TimeControl "180+2"]
[EndTime "13:09:58 PDT"]
[Termination "Game drawn - insufficient material"]

1. Nf3 Nf6 2. d4 g6 3. Nc3 Bg7 4. e4 d5 5. e5 Ne4 6. Bd3 Nxc3 7.
bxc3 c5 8. O-O Nc6 9. h3 h6 10.
Re1 c4 11. Bf1 Be6 12. a4 Qd7 13. a5 O-O-O 14. Ba3 Kb8 15. Bc5 Ka8 16. Qd2 g5 17. Reb1 f6 18. exf6 Bxf6 19. Rb2 g4 20. hxg4 Bxg4 21.
Nh2 Bf5 22. Rab1 Rb8 23. Be2 Rhg8 24. Bf3 Be4 25. Bxe4 dxe4 26. Qe2 Qd5 27. Nf1 Nxa5 28. Ra2 b6 29. Ne3 Qe6 30. Bb4 Bg5 31. Bxa5 Bxe3 32.
Qxe3 bxa5 33. Rxb8+ Kxb8 34. Rxa5 Qg4 35. g3 h5 36. d5 Qd7 37. Qf4+ Ka8 38. Qxe4 Rg4 39. Qe5 h4 40. d6 exd6 41. Qd5+ Qb7 42. Qe6 Re4 43.
Qg8+ Qb8 44. Qd5+ Qb7 45. Kg2 hxg3 46. Kxg3 Qxd5 47. Rxd5 Re2 48. Rd4 Rxc2 49. Rxc4 d5 50. Rc5 Kb7 51. f4 Kb6 52. Rxd5 Rxc3+ 53. Kg4 a5 54. Rd8 Kb5 55. f5 Rc6 56. Rb8+ Kc4 57.
Rb1 Ra6 58. Kg5 a4 59. f6 Ra8 60. f7 a3 61. Ra1 Kb3 62. Rh1 a2 63. Rh3+ Kb2 64.
Rh2+ Kb1 65. Rh1+ Kb2 66. Rh2+ Kb1 67. Rh1+ Kb2 68. Kg6 a1=Q 69. Rxa1 Kxa1 70. Kg7 Ra7 71. Kg8 Rxf7 72. Kxf7 1/2-1/2

[Event "*** Titled Tuesday Blitz"]
[Site "Chess.com"]
[Date "2019.07.02"]
[Round "1"]
[White "dopolian"]
[Black "731291"]
[Result "1-0"]
[WhiteElo "2350"]
[BlackElo "2670"]
[TimeControl "180+2"]
[EndTime "13:09:58 PDT"]
[Termination "dopolian won by checkmate"]

1. e4 c5 2. Nf3 e6 3. d4 cxd4 4. Nxd4 Nc6 5. Nb5 d6 6. c4 Nf6 7.
N1c3 a6 8. Na3 Be7 9. Be2 O-O 10.
O-O b6 11. Be3 Bb7 12. f3 Rc8 13. Qd2 Qc7 14. Rac1 Ne5 15. Rfd1 Rfe8 16. Qe1 Ned7 17. Qf2 Bf8 18. b4 Ba8 19. Na4 Rb8 20. c5 bxc5 21. bxc5 dxc5 22. Nxc5 Nxc5 23. Bxc5 Bxc5 24. Qxc5 Qf4 25.
Bxa6 h5 26. Qd4 h4 27. Bb5 Rec8 28. Rxc8+ Rxc8 29. Be2 Qg5 30. Qb6 Nh5 31. Ba6 Nf4 32. Qb2 Rd8 33. Rxd8+ Qxd8 34. Bf1 Bc6 35. Nc4 g5 36.
Qd2 Qc7 37. Qa5 Qc8 38. Qxg5+ Ng6 39. Ne5 Be8 40. Nxg6 fxg6 41. Qe5 Bf7 42. Qb2 Qc5+ 43. Qf2 Qc1 44. Qxh4 g5 45. Qf2 e5 46. a4 Qa1 47.
Qc2 Kg7 48. Qc5 Kf6 49. a5 Be6 50. a6 Qa4 51. a7 Qa1 52. h3 Kg7 53. Kf2 Bf7 54.
Be2 Qa2 55. Qxe5+ Kg6 56. Qb8 Bc4 57. a8=Q Qxe2+ 58. Kg3 Qe1+ 59. Kh2 Be6 60. Qd6 Kf6 61. Qaf8+ Kg6 62. Qxe6+ Kh5 63. Qh8# 1-0

[Event "*** Titled Tuesday Blitz"]
[Site "Chess.com"]
[Date "2019.07.02"]
[Round "1"]
[White "Cayse"]
[Black "Orest_Vovk"]
[Result "1-0"]
[WhiteElo "2642"]
[BlackElo "2307"]
[TimeControl "180+2"]
[EndTime "13:09:59 PDT"]
[Termination "Cayse won by resignation"]

1. d4 e5 2. dxe5 Nc6 3. Nf3 Qe7 4. Qd5 h6 5. Nc3 a6 6. Qe4 Qb4 7. a3 Qxe4 8. Nxe4 g5 9. Be3 Bg7 10. O-O-O g4 11. Nd4 Bxe5 12. h3 d5 13. Nxc6 bxc6 14. Nc5 Nf6 15. Bd4 Bxd4 16. Rxd4 gxh3 17. gxh3 Rg8 18.
e3 Nd7 19. Nd3 c5 20. Rh4 Rg6 21. Nf4 Rd6 22. Rg1 Bb7 23. Rg8+ Ke7 24. Rg7 Rh8 25. Bd3 Kf8 26. Rg3 Ne5 27. Rh5 Nxd3+ 28. Nxd3 c4 29. Nc5 Bc8 30. Kd2 c6 31. Kc3 a5 32. Kd4 Rf6 33.
f4 Rg6 34. Rf3 Kg7 35. b3 cxb3 36. cxb3 Re8 37. Nd3 Rg1 38. Ne5 Rd1+ 39. Kc5 Rc1+ 40. Kb6 Rc3 41. Rg3+ Kh7 42. Nxf7 Rxb3+ 43. Kc5 Rc3+ 44.
Kd4 Rc4+ 45. Kd3 Re6 46. Ng5+ Kg6 47. Nxe6+ Kxh5 48. Ng7+ Kh4 49. Rf3 Ba6 50. Kd2 Re4 51. f5 d4 52. exd4 Rxd4+ 53. Kc3 Rc4+ 54. Kb2 Re4 55. f6 Re2+ 56. Kc3 Ra2 57. Kb3 Ra1 58. f7 a4+ 59. Kb2 Rf1 60. Rxf1 1-0

[Event "*** Titled Tuesday Blitz"]
[Site "Chess.com"]
[Date "2019.07.02"]
[Round "1"]
[White "wadsy27"]
[Black "ChessWarrior7197"]
[Result "0-1"]
[WhiteElo "2430"]
[BlackElo "2826"]
[TimeControl "180+2"]
[EndTime "13:10:04 PDT"]
[Termination "ChessWarrior7197 won by resignation"]

1. Nf3 Nf6 2. g3 b6 3. Bg2 Bb7 4. O-O g6 5. c4 Bg7 6. Nc3 O-O 7.
d4 Ne4 8. Qc2 Nxc3 9. Qxc3 c5 10. Be3 d6 11. Qd2 Be4 12. Rfd1 Nd7 13. Rac1 Rc8 14. b3 Qc7 15. Bh6 Qb7 16. Bxg7 Kxg7 17. d5 b5 18. Qe3 Bxf3 19. Bxf3 Nf6 20. h4 Rc7 21. g4 bxc4 22. Rxc4 Nd7 23. Qxe7 Ne5 24.
Qxd6 Nxc4 25. bxc4 Qb6 26. Qe5+ f6 27. Qf4 Rd7 28. h5 Qd6 29. Qxd6 Rxd6 30. hxg6 hxg6 31. Rd3 Rf7 32. Ra3 Rb6 33. Ra5 Rc7 34. a3 f5 35.
Kg2 Kf6 36. Kg3 Ke5 37. e3 Rf6 38. Bg2 fxg4 39. Bf1 Rf3+ 40. Kxg4 Rxf2 41. Bd3 Rd2 42. Ra6 Re7 43. Bxg6 Rd1 44. Kf3 Rc1 45. Bd3 Rc3 46.
Ke2 Rb3 47. Kd2 Rb6 48. Ra5 Kd6 49. Bf5 Rb2+ 50. Kc3 Rb6 51. e4 Rc7 52. Be6 Ke5 53. Bf5 Rh6 54. Rb5 Rb6 55. a4 Rcb7 56. Kd3 a6 57.
Rxc5 Rb3+ 58. Ke2 Rg7 59. Rc6 Rg2+ 60. Kf1 Ra2 61. Re6+ Kf4 0-1

[Event "*** Titled Tuesday Blitz"]
[Site "Chess.com"]
[Date "2019.07.02"]
[Round "1"]
[White "Samantha_Ross"]
[Black "marcodobrikov"]
[Result "1/2-1/2"]
[WhiteElo "2016"]
[BlackElo "2498"]
[TimeControl "180+2"]
[EndTime "13:10:08 PDT"]
[Termination "Game drawn - insufficient material"]

1. e4 c5 2. Nf3 d6 3. d4 cxd4 4. Nxd4 Nf6 5. Nc3 a6 6. Be3 e5 7. Nb3 Be6 8. Nd5 Nbd7 9. Bg5 Bxd5 10. exd5 Be7 11. c4 O-O 12. Bxf6 Bxf6 13. Be2 Be7 14. O-O f5 15. f4 e4 16. Kh1 Bf6 17. Nd4 Bxd4 18. Qxd4 Qb6 19. Qxb6 Nxb6 20. b3 Nd7 21. g4 g6 22. Rg1 Kf7 23. gxf5 gxf5 24. Rg5 Kf6 25. Rag1 Rae8 26. Rh5 Rg8 27. Rxh7 Rxg1+ 28. Kxg1 Re7 29. Rh6+ Kg7 30. Rxd6 Nc5 31. Bh5 Nd3 32. Bg6 e3 33. Bh5 Nxf4 34. Bf3 e2 35. Bxe2 Nxe2+ 36. Kf2 Nc3 37. Rb6 Nxa2 38. c5 Nc3 39. c6 bxc6 40. dxc6 Rc7 41. Rb7 Nd5 42. Kf3 Kf6 43. Rxc7 Nxc7 44.
h4 Ke5 45. h5 Ne6 46. h6 Kd6 47.
Ke3 Nf8 48. Kf4 Kxc6 49. Kxf5 Kd7 50. Kf6 Ke8 51. Ke5 Ke7 52. Kd5 Kd7 53. Kc5 Kc7 54. b4 Kb7 55. b5 a5 56. b6 a4 57. Kb4 Kxb6 58. Kxa4 Kc5 59. Kb3 Kd6 60. Kc3 Kc5 61. Kd3 Kd6 62. Ke4 Ke6 63. Kf4 Kf6 64. h7 Kg7 65. h8=Q+ Kxh8 1/2-1/2

[Event "*** Titled Tuesday Blitz"]
[Site "Chess.com"]
[Date "2019.07.02"]
[Round "1"]
[White "IMRosen"]
[Black "julinha97"]
[Result "1-0"]
[WhiteElo "2566"]
[BlackElo "2208"]
[TimeControl "180+2"]
[EndTime "13:10:16 PDT"]
[Termination "IMRosen won by resignation"]

1. d4 Nf6 2. Bf4 d6 3. Nc3 Nbd7 4. Nf3 c5 5. e3 cxd4 6. exd4 g6 7. Be2 Bg7 8. O-O O-O 9. h3 b6 10. a4 Bb7 11. Nb1 Rc8 12. c3 e5 13. Bh2 Bxf3 14. Bxf3 e4 15. Be2 d5 16. Ba6 Rc6 17. Bb7 Re6 18.
Qb3 Rfe8 19. Bxd5 Nxd5 20. Qxd5 e3 21. fxe3 Bh6 22. Bf4 Bxf4 23. Rxf4 Qe7 24. Nd2 Rxe3 25. Raf1 Rf8 26. Ne4 Kg7 27. Nd6 f5 28. Nc4 Re2 29. Qf3 Re4 30. Nd2 Rxf4 31. Qxf4 Rf7 32. Nf3 Qe2 33. Qd2 Qxd2 34. Nxd2 Re7 35. Kf2 Nf6 36.
Ra1 Nd5 37. g3 f4 38. g4 Re3 39. Nf3 Nf6 40. Re1 Ne4+ 41. Kg2 Rxe1 42. Nxe1 Nd2 43.
Nd3 f3+ 44. Kf2 Kf6 45. Ke3 Nc4+ 46. Kxf3 g5 47. Ke4 Ke6 48. b3 Nd2+ 49. Ke3 Nxb3 50. Ne5 Na5 51. Ke4 Nb7 52. d5+ Kf6 53. Nc6 Nd6+ 54. Kd4 a6 55. Ne5 b5 56. a5 Nb7 57.
Nc6 h6 58. c4 bxc4 59. Kxc4 Nd6+ 60. Kc5 Ne4+ 61. Kb6 Nf2 62. d6 Ke6 63. Kc7 Ne4 64.
d7 1-0

[Event "*** Titled Tuesday Blitz"]
[Site "Chess.com"]
[Date "2019.07.02"]
[Round "1"]
[White "vlad10898"]
[Black "Hrant_ChessMood"]
[Result "1/2-1/2"]
[WhiteElo "2471"]
[BlackElo "2950"]
[TimeControl "180+2"]
[EndTime "13:10:23 PDT"]
[Termination "Game drawn - insufficient material"]

1. e4 c6 2. d4 d5 3. e5 c5 4. dxc5 e6 5. a3 Bxc5 6. Nf3 Ne7 7. b4 Bb6 8. Bd3 a5 9. b5 Nd7 10. O-O Nc5 11. a4 Nxd3 12. cxd3 O-O 13. Ba3 Re8 14. Nbd2 Ng6 15. Nb3 f6 16. d4 Bd7 17. Nc5 Rb8 18. Rc1 Qe7 19. Qb3 Qf7 20. Nd3 Rbc8 21. Bd6 h6 22.
Rfe1 Red8 23. g3 Be8 24. h4 Ne7 25. Bxe7 Qxe7 26. exf6 Qxf6 27. Rxc8 Rxc8 28. Nf4 Bf7 29. Qe3 Re8 30. Ne5 Re7 31. Rc1 Bc7 32. b6 Bxe5 33.
Qxe5 Qxe5 34. dxe5 Be8 35. Rc7 Kf7 36. Nd3 Bxa4 37.
Nc5 Bc6 38. Kf1 a4 39. Rc8 Kg6 40. Ke2 Kf5 41. Rc7 Re8 42. Nxb7 Bxb7 43. Rxb7 a3 44.
Rxg7 Rb8 45. Ra7 Rxb6 46. Rxa3 Kxe5 47. Re3+ Kd4 48. f4 Kc4 49. Re5 d4 50. g4 Rb2+ 51.
Ke1 Rg2 52. g5 hxg5 53. hxg5 Rg4 54. Rxe6 Rxf4 55. g6 Rg4 56. Ke2 Rg5 57. Rc6+ Kd5 58.
Ra6 Ke4 59. Kf2 d3 60. Ra4+ Kf5 61. Ke3 Rg3+ 62. Kd2 Kxg6 63. Rd4 Kf5 64. Rxd3 Rxd3+ 65. Kxd3 1/2-1/2

[Event "*** Titled Tuesday Blitz"]
[Site "Chess.com"]
[Date "2019.07.02"]
[Round "1"]
[White "hermionegrangermagic"]
[Black "alishersuleymenov"]
[Result "1-0"]
[WhiteElo "2309"]
[BlackElo "2597"]
[TimeControl "180+2"]
[EndTime "13:10:23 PDT"]
[Termination "hermionegrangermagic won by resignation"]

1. e4 c5 2. Nf3 e6 3. d4 d5 4.
exd5 exd5 5. Nc3 Nf6 6. Be2 Nc6 7. O-O cxd4 8. Nxd4 Bc5 9. Be3 Bb6 10. Na4 Bc7 11. Nxc6 bxc6 12. c4 O-O 13. Bf3 Bf5 14. Nc3 Qc8 15.
cxd5 Rd8 16. Rc1 Rb8 17. Qe2 a5 18. Rfd1 c5 19. Bxc5 Bxh2+ 20. Kxh2 Qxc5 21. Ne4 Qe7 22. d6 Qe5+ 23. Ng3 Qf4 24. Qd2 Qh4+ 25. Kg1 Be6 26. Qxa5 Qf4 27. Qd2 Qh4 28. b3 h5 29. Qd4 Qg5 30. Rc5 Qg6 31. Bxh5 Qh6 32. Bf3 Rd7 33. Qe3 Qg6 34. Qg5 Qh7 35. Qf4 Qg6 36. Rg5 Qh6 37. Nf5 Bxf5 38. Rxf5 Qg6 39. Qg5 Ra7 40. Qxg6 fxg6 41.
Rc5 Kf8 42. Rd2 Ke8 43. Rc7 Ra5 44. Rxg7 Kf8 45. Rxg6 Kf7 46. Rg3 Rc8 47. d7 Rd8 48. Rh3 Rc5 49. g3 Kg6 50. Kg2 Ra5 51. Bd1 Kg7 52. Bc2 Rxa2 53. Rh4 Ra5 54. Rc4 Kf7 55. b4 Ra7 56. Bb3 Ke7 57. Re2+ Kf8 58. Rf4 Ra6 59. b5 Rb6 60. Re5 Kg7 61. Rg5+ Kf8 62. Rg6 Ke7 63.
Rg7+ Kd6 64. Rxf6+ 1-0

[Event "*** Titled Tuesday Blitz"]
[Site "Chess.com"]
[Date "2019.07.02"]
[Round "1"]
[White "Vadim_Biliy"]
[Black "yoolund"]
[Result "0-1"]
[WhiteElo "2241"]
[BlackElo "2603"]
[TimeControl "180+2"]
[EndTime "13:10:27 PDT"]
[Termination "yoolund won by checkmate"]

1. d4 Nf6 2. Nf3 g6 3. e3 Bg7 4. Be2 O-O 5. O-O d6 6. b3 Nc6 7. Bb2 e5 8. d5 Ne7 9. c4 Nd7 10. e4 h6 11. Nfd2 f5 12. f3 h5 13. Nc3 Bh6 14. b4 a5 15. a3 Nf6 16. c5 axb4 17. axb4 Rxa1 18. Bxa1 dxc5 19. bxc5 Be3+ 20. Kh1 Bxc5 21.
Nb3 Bd6 22. Na5 fxe4 23. fxe4 Ng4 24. Bxg4 hxg4 25. Nc4 g5 26. Ne2 Ng6 27. Ng3 Rf4 28.
Bc3 Qf8 29. Qa1 Rxf1+ 30. Qxf1 Qf4 31. Bd2 Qxf1+ 32. Nxf1 Nf4 33. g3 Nh3 34. Kg2 Kf7 35.
Nfe3 Kg6 36. Nxd6 cxd6 37. Nc4 Bd7 38. Nxd6 Ba4 39. Nc4 Kf6 40. Bc3 Bc2 41. Bxe5+ Kg6 42. Nd2 Kf7 43. Bd6 Kf6 44. e5+ Kf5 45. e6 Kf6 46. e7 Kf7 47. Kf1 Ke8 48. Bb4 Bd3+ 49. Kg2 Bg6 50. d6 Bf7 51. Kf1 Bd5 52. Bc5 Kd7 53.
Nb1 b5 54. Nc3 Bc6 55. Ne2 Bd5 56. Nd4 Bf7 57. Nxb5 Bc4+ 58. Kg2 Bxb5 59. Bb4 Ke6 60. Bc5 Kd5 61. Bb4 Kc4 62. Ba3 Kd3 63. Bc5 Ke2 64.
Bb6 Bc6# 0-1

[Event "*** Titled Tuesday Blitz"]
[Site "Chess.com"]
[Date "2019.07.02"]
[Round "1"]
[White "ASargsyan1"]
[Black "telarubo96"]
[Result "0-1"]
[WhiteElo "2604"]
[BlackElo "2311"]
[TimeControl "180+2"]
[EndTime "13:10:33 PDT"]
[Termination "telarubo96 won by checkmate"]

1. d4 Nf6 2. c4 g6 3. Nf3 Bg7 4. g3 O-O 5. Bg2 d6 6. Nc3 Nc6 7. O-O a6 8. h3 Bd7 9. e4 e5 10. Be3 exd4 11. Nxd4 Re8 12. Qd2 Ne5 13. b3 c5 14.
Nde2 Bxh3 15. Rad1 Qc8 16. Qxd6 Qg4 17. f3 Qe6 18. Qxe6 Bxe6 19. Bxc5 Nfd7 20. Bd4 Nc6 21.
Bxg7 Kxg7 22. Nf4 Rad8 23. Nfd5 Nc5 24. f4 Bg4 25. Rd2 Rd7 26. e5 Red8 27. Kf2 h5 28.
Bf3 b5 29. Bxg4 hxg4 30. Rfd1 bxc4 31. bxc4 Na5 32. Ke2 Nxc4 33. Rd4 Nb6 34. Ke3 Ne6 35. R4d3 Nc4+ 36. Ke2 Nb2 37. R1d2 Nxd3 38. Rxd3 Nc7 39. f5 Nxd5 40. e6 Nxc3+ 41. Rxc3 Rd2+ 42. Ke3 fxe6 43. fxe6 Kf6 44. e7 Kxe7 45. Kf4 R2d3 46. Rc7+ R8d7 47. Rc6 Rf3+ 48. Kxg4 Rf6 49. Rc5 Rd4+ 50.
Kh3 Rf5 51. Rc7+ Rd7 52. Rc6 Rd6 53. Rc7+ Kf6 54. Rc2 Rd3 55. Rc6+ Kg5 56. Rxa6 Rf2 57. Ra5+ Kh6 58. Ra4 Rdd2 59. a3 Ra2 60. Ra8 Rf3 61. a4 Rfa3 62. Kh4 Rxa4+ 63. Rxa4 Rxa4+ 64. g4 Rb4 65. Kg3 Kg5 66. Kh3 Rxg4 67. Kh2 Kf4 68. Kh3 Kf3 69.
Kh2 g5 70. Kh3 Rh4# 0-1